 Dungeon Crawl Stone Soup version 0.25.1-1-g288607f5aa (webtiles) character file.

Game seed: 16557738599703799369

114 Delamore the Cudgeler (level 4, -3/28 HPs)
             Began as a Gargoyle Fighter on July 24, 2020.
             Splashed by a jelly's acid (5 damage)
             ... on level 2 of the Dungeon.
             The game lasted 00:01:27 (1565 turns).

Delamore the Cudgeler (Gargoyle Fighter)            Turns: 1565, Time: 00:01:28

Health: -3/28      AC:  6    Str: 21    XL:     4   Next: 97%
Magic:  4/4        EV:  7    Int:  8    God:
Gold:   54         SH:  9    Dex:  9    Spells: 3/3 levels left

rFire    . . .     SeeInvis .   a - +0 flail
rCold    . . .     Gourm    .   c - +0 kite shield
rNeg     + . .     Faith    .   b - +0 scale mail
rPois    ∞         Spirit   .   (no helmet)
rElec    +         Reflect  .   (no cloak)
rCorr    .         Harm     .   (no gloves)
MR       .....                  (no boots)
Stlth    ..........             (no amulet)
HPRegen  0.09/turn              (no ring)
MPRegen  0.09/turn              (no ring)

@: corroded
A: negative energy resistance 1, electricity resistance, unbreathing,
petrification resistance, rot immunity, AC +3
a: no special abilities


You were on level 2 of the Dungeon.
You were not hungry.

You visited 1 branch of the dungeon, and saw 2 of its levels.

You collected 54 gold pieces.

Inventory:

Hand Weapons
 a - a +0 flail (weapon)
Armour
 b - a +0 scale mail (worn)
 c - a +0 kite shield (worn)
Scrolls
 h - 2 scrolls of identify {unknown}
 i - a scroll of teleportation {unknown}
 j - a scroll of blinking {unknown}
 k - a scroll of enchant weapon {unknown}
Potions
 d - a potion of might
 e - a potion of mutation {unknown}
Comestibles
 f - 3 rations
 g - 2 chunks of flesh


   Skills:
 - Level 3.2 Fighting
 + Level 5.0 Maces & Flails
 - Level 3.2 Armour
 - Level 3.2 Shields


You had 3 spell levels left.
You didn't know any spells.
Your spell library was empty.

Dungeon Overview and Level Annotations

Branches:
Dungeon (2/15)

Altars:
Xom


Innate Abilities, Weirdness & Mutations

You are resistant to torment.
Your stone body is resilient. (AC +3)
You are immune to poison.
You resist negative energy. (rN+)
You are resistant to electric shocks. (rElec)
You can survive without breathing.
You are immune to petrification.
You are immune to rotting.


Message History

The jelly hits you but does no damage. The jelly barely misses you.
You hit the jelly but do no damage.
Your hands burn!
* * * LOW HITPOINT WARNING * * *
The jelly is heavily wounded.
You block the jelly's attack.
There is an open door here.
There is an open door here.
You are no longer corroded.
There is an open door here.
Found a ring mail.
There is an open door here.
Your shield and scale mail prevent you from hitting the jelly.
The jelly is moderately wounded.
You block the jelly's attack. The jelly hits you but does no damage.
You hit the jelly but do no damage.
Your hands burn!
* * * LOW HITPOINT WARNING * * *
The jelly is moderately wounded.
The jelly hits you but does no damage.
You hit the jelly. The acid corrodes you!
Your hands burn!
You die...

#.##.#.## #.# .+.[...........'
.#.##.#.###.# #..###+###.###'###
#.#.##.#.##.# #..# #.#
##.#.##.#.#.###..# #.###.#
.##.#.##....#.#..# +.'...#
#.##.#.##....>...# #.#####
.#.##.#.###......# #.#
#.##.#.####......#######'#######
.##.#.##........@J..............
##.#.######.....########.#######
#.#÷## #.###.# ####........
.#.## #.# #.# #....#######
#.##### #.# #.# #.#### .##...#
#.# #.# #.# #####.#####.###.#
#.# # #.#...>...#.# #.#
.####.#.##(.....# #<#


You could see a jelly.

Vanquished Creatures
  A jelly (D:2)
  Natasha (D:2)
  2 adders (D:2)
  A worm (D:2)
  3 leopard geckos
  3 bats
  4 giant cockroaches
  6 goblins
  A hobgoblin (D:1)
  An iguana (D:2)
  2 jackals (D:2)
  3 kobolds (D:2)
  A ball python (D:1)
  3 frilled lizards
  6 rats
38 creatures vanquished.

Notes
Turn   | Place    | Note
-------+----------+-------------------------------------------
     0 | D:1      | Delamore the Gargoyle Fighter began the quest for the Orb.
     0 | D:1      | Reached XP level 1. HP: 14/14 MP: 1/1
   237 | D:1      | Reached XP level 2. HP: 19/19 MP: 2/2
   483 | D:1      | Reached skill level 3 in Maces & Flails
   795 | D:2      | Reached XP level 3. HP: 18/23 MP: 3/3
  1121 | D:2      | Reached skill level 4 in Maces & Flails
  1250 | D:2      | Noticed Natasha
  1259 | D:2      | Killed Natasha
  1259 | D:2      | Reached XP level 4. HP: 22/28 MP: 4/4
  1510 | D:2      | Found a shimmering altar of Xom.
  1514 | D:2      | Reached skill level 5 in Maces & Flails
  1565 | D:2      | Splashed by a jelly's acid

Illustrated notes

Levels and vault maps discovered:
D:1:      dpeg_arrival_simpleton_c, layout_loops_ring
D:2:      minmay_inner_zag, layout_loops_ring, first_ration, minmay_door_square,
          dk_xom_monty_hall, uniq_natasha

Skill      XL: |  1  2  3  4 |
---------------+-------------+-----
Maces & Flails | 3 4 5 |  5.0
Fighting       | |  3.2
Armour         | |  3.2
Shields        | |  3.2

Action                   |  1- 3 |  4- 6 || total
-------------------------+-------+-------++-------
Melee: Flail             |   137 |    17 ||   154
  Eat: Chunk             |     1 |     1 ||     2
Armor: Scale mail        |    65 |     6 ||    71
Dodge: Dodged            |    39 |     4 ||    43
Block: Kite shield       |    64 |     6 ||    70
